 Dungeon Crawl Stone Soup version 0.30.1-3-gfc49f6343a (webtiles) character file.

Game seed: 3565063117962556655

7 Peloso the Covered (level 1, 20/20 HPs)
             Began as a Minotaur Fighter on July 21, 2023.
             Got out of the dungeon alive.
             The game lasted 00:00:20 (138 turns).

Peloso the Covered (Minotaur Fighter)                Turns: 138, Time: 00:00:21

Health: 20/20      AC:  7    Str: 20    XL:     1   Next: 83%
Magic:  0/0        EV:  9    Int:  5    God:
Gold:   11         SH:  4    Dex:  9    Spells: 0/0 levels left

rFire   . . .        a - +0 long sword
rCold   . . .        c - +0 buckler
rNeg    . . .        b - +0 scale mail
rPois   .            (helmet restricted)
rElec   .            (no cloak)
rCorr   .            (no gloves)
SInv    .            (no boots)
Will    .....        (no amulet) Stlth
                     (no ring)
HPRegen 0.23/turn    (no ring)
MPRegen 0.07/turn

%: no passive effects
@: no status effects
A: horns 2, retaliatory headbutt, no potion heal 2
a: no special abilities


You escaped.
You visited 1 branch of the dungeon, and saw 1 of its levels.

You collected 11 gold pieces.

Inventory:

Hand Weapons
 a - a +0 long sword (weapon)
Armour
 b - a +0 scale mail (worn)
 c - a +0 buckler (worn)
Scrolls
 e - a scroll of enchant weapon {unknown}
Potions
 d - a potion of might
 g - a potion of brilliance {unknown}


   Skills:
 + Level 3.8 Fighting
 + Level 2.5 Long Blades
 + Level 3.8 Armour
 + Level 3.7 Shields


You couldn't memorise any spells.
You didn't know any spells.
Your spell library was empty.

Dungeon Overview and Level Annotations

Branches:
Dungeon (1/15)

Altars:


Innate Abilities, Weirdness & Mutations

You have a pair of horns on your head.
You reflexively headbutt those who attack you in melee.
Potions cannot restore your health.


Message History

The rat barely misses you.
You hit the frilled lizard.
You kill the frilled lizard!
You block the rat's attack.
Found an escape hatch in the floor.
The rat bites you but does no damage.
An endoplasm comes into view.
The endoplasm quivers.
You block the rat's attack.
You hit the rat.
You kill the rat!
You see here a rat corpse.
A goblin comes into view. It is wielding a +0 club.
The goblin shouts!
You hit the endoplasm.
The endoplasm is severely wounded.
The endoplasm barely misses you.
You barely miss the endoplasm. Your headbutt misses the endoplasm.
The endoplasm is severely wounded.
The endoplasm freezes you.
You are frozen.
You block the endoplasm's attack.
You hit the endoplasm. You headbutt the endoplasm.
You kill the endoplasm!
The goblin closely misses you.
You barely miss the goblin. The goblin hits you with a +0 club.
You hit the goblin.
You kill the goblin!
Things that are here:
a +0 club; a goblin corpse It was a potion of mutation.
You feel extremely strange.
Your system partially rejects the healing effects of potions.
Your system completely rejects the healing effects of potions.
(D) Dungeon
Where to? (? - help)
What level of the Dungeon? (default 1, ? - help)
Things that are here:
a +0 short sword; a bat corpse
There is an open door here.
There is a staircase leading out of the dungeon here.
Are you sure you want to leave the Dungeon?
This will make you lose the game!
You have escaped!

.# #.........# #.#.#.... .#
#.........# #.#.#....
.#####.........##########.#$#†...
.....+..................#.)......
.....#..................#...###..
.....#..................#.......>
.##......####.#.....♣...#..#####.
.##......# #......8....#..# ..
.##......# ##..@.......#..# ..
.##......# ##.........#..# #..
.##......# #.........#..# ###
.##......# #......... .###+#####
##########


There were no monsters in sight!

Vanquished Creatures
  An endoplasm (D:1)
  2 goblins (D:1)
  A bat (D:1)
  A frilled lizard (D:1)
  A kobold (D:1)
  A rat (D:1)
7 creatures vanquished.

Notes
Turn   | Place    | Note
-------+----------+-------------------------------------------
     0 | D:1      | Peloso the Minotaur Fighter began the quest for the Orb.
     0 | D:1      | Reached XP level 1. HP: 19/19 MP: 0/0
   103 | D:1      | Gained mutation: Potions are less effective at restoring
                  | your health. [potion of mutation]
   103 | D:1      | Gained mutation: Potions cannot restore your health.
                  | [potion of mutation]
   138 | D:$      | Got out of the dungeon alive.

Illustrated notes

Levels and vault maps discovered:
D:1:      wander_arrival_peaceful_grave, layout_basic, serial_shops, shop,
          minmay_misc_feat_ornament

Action                     || total
---------------------------++-------
  Melee: Long sword        ||    14
         Headbutt          ||     1
    Use: Potion            ||     1
 Armour: Scale mail        ||     4
  Dodge: Dodged            ||     6
  Block: Buckler           ||     3
